 Dungeon Crawl Stone Soup version 0.28-a0-1629-gf728b707aa (webtiles) character file.

Game seed: 4644987818684782203

166 hashsling the Covered (level 5, -2/47 HPs)
             Began as a Minotaur Fighter on Jan 24, 2022.
             Killed from afar by an orc wizard (8 damage)
             ... with a puff of flame
             ... on level 3 of the Dungeon.
             The game lasted 00:06:25 (2435 turns).

hashsling the Covered (Minotaur Fighter)            Turns: 2435, Time: 00:06:26

Health: -2/47      AC:  7    Str: 22    XL:     5   Next: 22%
Magic:  4/4        EV:  9    Int:  5    God:
Gold:   122        SH:  4    Dex: 10    Spells: 4/4 levels left

rFire   . . .      SeeInvis .   a - +0 war axe
rCold   . . .      Faith    .   c - +0 buckler
rNeg    . . .      Spirit   .   b - +0 scale mail
rPois   .          Reflect  .   (helmet restricted)
rElec   .          Harm     .   s - scarf {+Inv}
rCorr   .          Rampage  .   (no gloves)
Will    .....                   (no boots)
Stlth   ..........              (no amulet)
HPRegen 0.15/turn               (no ring)
MPRegen 0.09/turn               (no ring)

@: no status effects
A: horns 2, retaliatory headbutt
a: Evoke Invisibility


You were on level 3 of the Dungeon.
You visited 1 branch of the dungeon, and saw 3 of its levels.

You collected 122 gold pieces.

Inventory:

Hand Weapons
 a - a +0 war axe (weapon)
 n - the +11 hunting sling of Doxi {venom, *Slow rF+ Int+2 Dex+2}
   (You found it on level 2 of the Dungeon)

   Any ammunition fired from it poisons the flesh of those it strikes.
   Int:       It affects your intelligence (+2).
   Dex:       It affects your dexterity (+2).
   rF:        It protects you from fire.
   *Slow:     It may slow you when you take damage.
Missiles
 o - 56 stones (quivered)
Armour
 b - a +0 scale mail (worn)
 c - a +0 buckler (worn)
 s - a scarf of invisibility (worn)
Jewellery
 u - a ring of poison resistance
Scrolls
 e - a scroll of identify {unknown}
 i - a scroll of teleportation {unknown}
 k - a scroll of blinking {unknown}
 m - 2 scrolls of amnesia {unknown}
 p - a scroll of enchant weapon {unknown}
 q - 2 scrolls of noise {unknown}
 r - a scroll of vulnerability {unknown}
 t - a scroll of fog {unknown}
Potions
 d - 2 potions of might
 f - a potion of haste {unknown}
 g - a potion of invisibility {unknown}
 h - a potion of flight {unknown}
 j - a potion of cancellation {unknown}
 l - a potion of lignification {unknown}


   Skills:
 + Level 4.7 Fighting
 + Level 3.9 Axes
 + Level 1.4 Slings
 + Level 4.9 Armour
 - Level 4.0 Shields
 + Level 0.6 Evocations


You had 4 spell levels left.
You didn't know any spells.
Your spell library contained the following spells:

 Spells                   Type           Power      Damage    Failure   Level
 Sandblast                Erth           0%         2d4       86%         1
 Passwall                 Tmut/Erth      0%         N/A       95%         2
 Stone Arrow              Conj/Erth      0%         3d7       99%         3


Dungeon Overview and Level Annotations

Branches:
Dungeon (3/15)

Altars:
Sif Muna

Shops:
D:1 [

Annotations:
D:3 3 runed translucent doors, awesomeguy42's ghost, weakling TrWr


Innate Abilities, Weirdness & Mutations

You have a pair of horns on your head.
You reflexively headbutt those who attack you in melee.


Message History

You miss something. Your headbutt misses something.
Something hits you but does no damage. x2
You slash something!
You hear some strange, mumbled words.
Something tries to affect you, but you resist.
You closely miss something. Something hits you but does no damage.
You miss something. Something hits you but does no damage. Something hits you.
You miss something. Something hits you.
You barely miss something. Your headbutt misses something. Something hits you.
You hit something but do no damage. Your headbutt misses something.
Something hits you.
You hear some strange, mumbled words.
Something tries to affect you, but you resist.
You miss something. Your headbutt misses something.
An orc wizard appears from thin air!
Reactivating autopickup.
You block the orc wizard's attack.
You closely miss the orc wizard. You headbutt the orc wizard.
The orc wizard is severely wounded.
The orc wizard mumbles some strange words.
The orc wizard flickers and vanishes!
Deactivating autopickup; reactivate with Ctrl-A.
You hit something but do no damage. Something hits you but does no damage.
Something hits you.
You miss something. Your headbutt misses something.
Something hits you but does no damage.
You closely miss something. Something hits you.
You closely miss something. Your headbutt misses something. Something hits you.
* * * LOW HITPOINT WARNING * * *
You hear some strange, mumbled words.
A magic dart appears from out of thin air!
The magic dart hits you!
* * * LOW HITPOINT WARNING * * *
You miss something. Something hits you but does no damage.
Okay, then.
You hit something.
You hear some strange, mumbled words.
A puff of flame appears from out of thin air!
The puff of flame hits you!
You die...

#..........
#.........
##........# #+#
...oo.....# #.#
.o........# #.#
o...o.....#####.#
#o#.#.....########
############
#{#...............
#..........#
#@#>..............
#.########.#
#.###.#.##########
#.# #.# #.#
#.#.#<..# #.# #.#
#.###.#.###.######
#.# #.# #.#...#..
#....... #.# #.#
#.#.#####.########
#.# #.#
#.......... ......
#.# #.#
###.......# ######
#.# #.# #########
#


You could see an orc.

Vanquished Creatures
  An orc priest (D:3)
  Robin (D:2)
  A gnoll (D:1)
  3 adders
  A worm (D:2)
  5 dart slugs
  2 orcs (D:3)
  8 bats
  6 endoplasms
  11 goblins
  6 hobgoblins
  2 jackals (D:1)
  3 quokkas
  8 ball pythons
  3 frilled lizards (D:1)
  5 kobolds
  8 rats
74 creatures vanquished.

Notes
Turn   | Place    | Note
-------+----------+-------------------------------------------
     0 | D:1      | hashsling the Minotaur Fighter began the quest for the Orb.
     0 | D:1      | Reached XP level 1. HP: 19/19 MP: 0/0
   277 | D:1      | Reached XP level 2. HP: 27/27 MP: 1/1
   547 | D:1      | Found a faded altar of an unknown god.
   559 | D:1      | Reached XP level 3. HP: 27/33 MP: 2/2
   664 | D:1      | Found Kumait's Armour Shop.
  1009 | D:2      | Identified the +11 hunting sling of Doxi {venom, *Slow rF+
                  | Int+2 Dex+2}
  1297 | D:2      | Reached XP level 4. HP: 35/41 MP: 3/3
  1304 | D:2      | Noticed Robin
  1317 | D:2      | Killed Robin
  1419 | D:2      | Reached skill level 1 in Slings
  1499 | D:2      | Identified the +0 barding of Dithmenos's Favour {rF++ Str+3
                  | Int+3}
  1918 | D:3      | Found a runed translucent gate.
  1918 | D:3      | Noticed awesomeguy42's ghost (weakling TrWr)
  1919 | D:3      | Found a runed translucent gate.
  1919 | D:3      | Found a runed translucent gate.
  2174 | D:3      | Found a shimmering blue altar of Sif Muna.
  2417 | D:3      | Reached XP level 5. HP: 47/47 MP: 4/4
  2435 | D:3      | Killed from afar by an orc wizard

Illustrated notes

Levels and vault maps discovered:
D:1:      lightli_molten_gateway, layout_rooms, ebering_ecumenical_altar_hall,
          serial_shops, nicolae_lakefront_shop
D:2:      layout_basic, minmay_tromino_v4_b, uniq_robin
D:3:      layout_basic, mainiacjoe_overflow_24_doors, lightli_sewer_entry_pipes,
          gammafunk_ghost_split, solitary_fountain

Skill      XL: |  1  2  3  4 |
---------------+-------------+-----
Armour         | 4 |  4.9
Fighting       | 4 |  4.7
Shields        | 4 |  4.0
Axes           | 3 |  3.9
Slings         | 1 |  1.4
Evocations     | |  0.6

Action                   |  1- 3 |  4- 6 || total
-------------------------+-------+-------++-------
Melee: War axe           |    78 |    76 ||   154
       Headbutt          |     7 |     8 ||    15
Armor: Scale mail        |    51 |    37 ||    88
Dodge: Dodged            |    44 |    19 ||    63
Block: Buckler           |    16 |     8 ||    24

Table legend: (Time is in decaauts)
 A = Elapsed time spent in this place.
 B = Non-inter-level travel time spent in this place.
 C = Inter-level travel time spent in this place.
 D = Time resting spent in this place.
 E = Time spent auto-exploring this place.
 F = Levels seen in this place.
 G = Mean time per level.
                   A        B        C        D        E       F      G
               +--------+--------+--------+--------+--------+-----+--------+
         Total |   2492 |   2339 |    153 |      0 |   1910 |   3 |  830.7 |
       Dungeon |   2492 |   2339 |    153 |      0 |   1910 |   3 |  830.7 |
               +--------+--------+--------+--------+--------+-----+--------+

Top non-repeatable levels by time:
     D:1: 989 daAuts
     D:3: 761 daAuts
     D:2: 741 daAuts
